 Dungeon Crawl Stone Soup version 0.31-a0-233-g139696dc86 (webtiles) character file.

Game seed: 4865865987981657113

81 qw the Shooter (level 4, 0/36 HPs)
             Began as a Minotaur Hexslinger on July 7, 2023.
             Slain by Ijyb
             ... wielding a +8 club
              (3 damage)
             ... on level 3 of the Dungeon.
             The game lasted 00:00:38 (1612 turns).

qw the Shooter (Minotaur Hexslinger)                Turns: 1612, Time: 00:00:39

Health: 0/36       AC:  5    Str: 13    XL:     4   Next: 20%
Magic:  4/4        EV: 11    Int: 10    God:
Gold:   136        SH:  0    Dex: 14    Spells: 4/5 levels left

rFire   . . .        Y - +1 sling
rCold   . . .        (no shield)
rNeg    . . .        h - +0 ring mail
rPois   .            (helmet restricted)
rElec   .            (no cloak)
rCorr   +            (no gloves)
SInv    .            (no boots)
Will    .....        (no amulet)
Stlth   +            d - ring of resist corrosion
HPRegen 0.26/turn    (no ring)
MPRegen 0.09/turn

%: no passive effects
@: about to teleport
A: horns 2, retaliatory headbutt
a: no special abilities


You were on level 3 of the Dungeon.
You visited 1 branch of the dungeon, and saw 3 of its levels.

You collected 136 gold pieces.


Innate Abilities, Weirdness & Mutations

You have a pair of horns on your head.
You reflexively headbutt those who attack you in melee.


   Skills:
 - Level 2.0 Fighting
 + Level 4.5 Ranged Weapons
 - Level 1.0 Armour
 - Level 2.1 Dodging
 - Level 1.0 Spellcasting
 - Level 2.0 Hexes


You had 4 spell levels left.
You knew the following spells:

 Your Spells              Type           Power      Damage    Failure   Level
a - Slow                  Hex            16%        N/A       32%         1

Your spell library contained the following spells:

 Spells                   Type           Power      Damage    Failure   Level
 Inner Flame              Hex/Fire       2%         N/A       82%         3
 Portal Projectile        Hex/Tloc       4%         N/A       82%         3
 Cause Fear               Hex            2%         N/A       97%         4

Inventory:

Hand Weapons
 Y - a +1 sling (weapon)
Armour
 a - a +0 pair of gloves
 h - a +0 ring mail (worn)
Jewellery
 d - a ring of resist corrosion (left hand)
Scrolls
 b - a scroll of teleportation
 c - a scroll of enchant weapon {unknown}
Potions
 e - a potion of curing {unknown}
 f - a potion of mutation {unknown}
 g - a potion of berserk rage {unknown}

Dungeon Overview and Level Annotations

Branches:
Dungeon (3/15)

Altars:

Shops:
D:2 ((![[

Annotations:
D:3 Ijyb


Message History

You shoot a sling bullet. The sling bullet barely misses Ijyb.
Ijyb screams, "You nasty!
Big nasty!"
Ijyb drinks a potion.
Ijyb flickers and vanishes!
Deactivating autopickup; reactivate with Ctrl-A.
You shoot a sling bullet.
The sling bullet barely misses the goblin.
The goblin hits you with a +0 club. Something hits you.
You shoot a sling bullet.
The sling bullet closely misses the goblin.
The goblin hits you with a +0 club.
You hear a zap.
A puff of flame appears from out of thin air!
The puff of flame hits you. The goblin completely misses you.
Something hits you.
You shoot a sling bullet.
The sling bullet barely misses the goblin.
The sling bullet misses the frilled lizard.
The goblin barely misses you. You furiously retaliate!
You headbutt the goblin!
You kill the goblin!
Something hits you.
You shoot a sling bullet.
The sling bullet misses the frilled lizard.
The frilled lizard bites you but does no damage. x2
Something hits you.
You shoot a sling bullet.
The sling bullet closely misses the frilled lizard.
The frilled lizard closely misses you. You furiously retaliate!
You headbutt the frilled lizard!
You kill the frilled lizard!
Something hits you!
The frilled lizard bites you but does no damage.
1611 ||| READING 2 scrolls of teleportation.
As you read the scroll of teleportation, it crumbles to dust.
You feel strangely unstable. Something hits you.
The frilled lizard completely misses you.
You shoot a sling bullet.
The sling bullet completely misses the frilled lizard.
Something hits you.
You die...

##.......#.##..
....$..........
.#.............
...............
............. ......<....
..# #{l....... #. ..# ##.@.#
#. #.###....#
###.##.#......#
#.............#
#.......##....# ###.
#..........#..# ...
#......##..##(#########.#
#...............##......#
#..........#..###..##...####


You could see a frilled lizard.

Vanquished Creatures
  2 adders
  2 worms (D:2)
  A dart slug (D:1)
  3 orcs (D:3)
  5 ball pythons
  3 bats
  4 endoplasms
  3 giant cockroaches
  3 goblins
  7 hobgoblins
  2 jackals (D:1)
  2 quokkas (D:1)
  5 frilled lizards
  2 kobolds
  6 rats
50 creatures vanquished.

Notes
Turn   | Place    | Note
-------+----------+-------------------------------------------
     0 | D:1      | qw the Minotaur Hexslinger began the quest for the Orb.
     0 | D:1      | Reached XP level 1. HP: 16/16 MP: 1/1
     0 | D:1      | 0 ||| qw: Version: 0.3-a-46-gb1f654a
     0 | D:1      | 0 ||| qw: Game counter: 3061
     0 | D:1      | 0 ||| qw: Melee chars always use a shield: true
     0 | D:1      | 0 ||| qw: God list: Okawaru
     0 | D:1      | 0 ||| qw: Allow faded altars: false
     0 | D:1      | 0 ||| qw: Do Orc after clearing Dungeon:15 true
     0 | D:1      | 0 ||| qw: Do second Lair branch before Depths: true
     0 | D:1      | 0 ||| qw: Lair rune preference: random
     0 | D:1      | 0 ||| qw: Goals: Normal
     0 | D:1      | 0 ||| PLANNING D:1-11
   199 | D:1      | Reached skill level 3 in Ranged Weapons
   203 | D:1      | Reached XP level 2. HP: 23/23 MP: 2/2
   635 | D:1      | 635 ||| UPGRADING to +0 leather armour.
   645 | D:1      | 645 ||| DROPPING +0 robe.
   646 | D:1      | 646 ||| UPGRADING to +0 ring mail.
   656 | D:1      | 656 ||| DROPPING +0 leather armour.
   657 | D:1      | 657 ||| UPGRADING to ring of resist corrosion.
   658 | D:1      | 658 ||| READING scroll labelled TEMOCSAP ZAZANG.
   659 | D:1      | 659 ||| READING scroll labelled WUEPHE QEGRE.
   663 | D:1      | 663 ||| READING 2 scrolls labelled CIANTI RAWETI.
   664 | D:1      | 664 ||| DROPPING scroll of poison.
   665 | D:1      | 665 ||| DROPPING scroll of amnesia.
   693 | D:2      | Found Telyep Xoto's Antique Armour Emporium.
   694 | D:2      | Found Jeecem's Antique Armour Shop.
   698 | D:2      | 698 ||| SHOPLISTING pair of gloves (130 gold, have 38).
   698 | D:2      | 698 ||| SHOPLISTING ripped robe (165 gold, have 38).
   700 | D:2      | 700 ||| SHOPLISTING pair of warped gloves (247 gold, have
                  | 38).
   700 | D:2      | 700 ||| SHOPLISTING sheer robe (148 gold, have 38).
   716 | D:2      | Reached XP level 3. HP: 21/29 MP: 3/3
   751 | D:2      | Found Buejeibb's Distillery.
   756 | D:2      | 756 ||| SHOPLISTING potion of curing (42 gold, have 38).
   756 | D:2      | 756 ||| SHOPLISTING potion of haste (140 gold, have 38).
   821 | D:2      | Reached skill level 4 in Ranged Weapons
   881 | D:2      | Found Okhiefol's Weapon Shop.
   911 | D:2      | Found Yliotynn's Antique Weapon Boutique.
   923 | D:2      | 923 ||| SHOPLISTING triple crossbow (240 gold, have 58).
  1080 | D:2      | Reached skill level 1 in Armour
  1412 | D:2      | 1412 ||| READING scroll labelled KUUXTI ZIEH.
  1413 | D:2      | 1413 ||| READING scroll labelled NUASHRUOFAP.
  1453 | D:3      | Reached XP level 4. HP: 36/36 MP: 4/4
  1600 | D:3      | Noticed Ijyb
  1610 | D:3      | HP: 5/36 [something (7)]
  1611 | D:3      | 1611 ||| READING 2 scrolls of teleportation.
  1611 | D:3      | HP: 2/36 [something (3)]
  1612 | D:3      | Slain by Ijyb

Levels and vault maps discovered:
D:1:      giann_horns, layout_basic, chequers_serial_rivers_room_a,
          feat_on_display
D:2:      layout_loops_cross, serial_shops, shop, nicolae_shop_scrapyard, shop,
          shop, shop
D:3:      layout_rooms, gammafunk_ghost_necromancy, uniq_ijyb

Skill      XL: |  1  2  3 |
---------------+----------+-----
Ranged Weapons | 3 4 |  4.5
Fighting       | 2 |  2.0
Armour         | 1 |  1.0
Dodging        | |  2.1
Spellcasting   | |  1.0
Hexes          | |  2.0

Action                     |  1- 3 |  4- 6 || total
---------------------------+-------+-------++-------
   Fire: Sling             |   117 |    30 ||   147
    Use: Scroll            |     5 |     1 ||     6
 Armour: Robe              |     4 |       ||     4
         Ring mail         |     6 |    13 ||    19
  Dodge: Dodged            |    25 |     8 ||    33

Table legend:
 A = Non-vault XP
 B = Vault XP
 C = Vault XP percentage of total XP
 D = Non-vault monster count
 E = Vault monster count
 F = Vault count percentage of total count
                 A         B        C        D         E       F
            +---------+---------+-------+---------+---------+-------
      Total |     117 |       0 |   0.0 |      50 |       0 |   0.0
            +---------+---------+-------+---------+---------+-------
        D:1 |      36 |       0 |   0.0 |      22 |       0 |   0.0
        D:2 |      48 |       0 |   0.0 |      18 |       0 |   0.0
        D:3 |      33 |       0 |   0.0 |      10 |       0 |   0.0
            +---------+---------+-------+---------+---------+-------
